 Dungeon Crawl Stone Soup version 0.30-a0-696-g2367cd04db (webtiles) character file.

Game seed: 7401365073525431184

4 wormed the Charlatan (level 1, -14/15 HPs)
             Began as a Demonspawn Artificer on Jan 20, 2023.
             Demolished by a kobold
             ... wielding a +2 whip of electrocution
              (19 damage)
             ... on level 1 of the Dungeon.
             The game lasted 00:00:54 (275 turns).

wormed the Charlatan (Demonspawn Artificer)          Turns: 275, Time: 00:00:54

Health: -14/15     AC:  3    Str: 12    XL:     1   Next: 58%
Magic:  1/1        EV: 11    Int: 12    God:
Gold:   5          SH:  0    Dex: 13    Spells: 0/0 levels left

rFire   . . .      SeeInvis .    h - staff of earth
rCold   . . .      Faith    .    (no shield)
rNeg    . . .      Spirit   .    b - +0 leather armour
rPois   .          Reflect  .    (no helmet)
rElec   .          Harm     .    (no cloak)
rCorr   .          Rampage  .    (no gloves)
Will    .....                    (no boots)
Stlth   +                        (no amulet)
HPRegen 0.22/turn                (no ring)
MPRegen 0.07/turn                (no ring)

@: no status effects
A: no striking features
a: no special abilities


You were on level 1 of the Dungeon.
You visited 1 branch of the dungeon, and saw 1 of its levels.

You collected 5 gold pieces.

Inventory:

Hand Weapons
 a - a +0 club
Missiles
 j - 3 atropa-tipped darts
Armour
 b - a +0 leather armour (worn)
Magical Staves
 h - a staff of earth (weapon)
Wands
 c - a wand of flame (14) (quivered)
 d - a wand of charming (15)
 e - a wand of iceblast (5)
Scrolls
 f - a scroll of butterflies {unknown}
 g - a scroll of enchant armour {unknown}
 i - a scroll of teleportation {unknown}


   Skills:
 - Level 1.1 Fighting
 + Level 0.1 Staves
 - Level 1.7 Armour
 - Level 1.0 Dodging
 - Level 0.8 Stealth
 + Level 0.3 Spellcasting
 + Level 3.0 Evocations


You couldn't memorise any spells.
You didn't know any spells.
Your spell library was empty.

Dungeon Overview and Level Annotations

Branches:
Dungeon (1/15)

Altars:


Message History

You open the door.
A rat comes into view.
Found a stone staircase leading down.
A rat is nearby!
There is an open door here.
You closely miss the rat. The rat bites you but does no damage.
You barely miss the rat. The rat misses you. The rat closely misses you.
You completely miss the rat. The rat bites you.
You barely miss the rat. The rat closely misses you.
You hit the rat but do no damage. The rat bites you.
You hit the rat.
You kill the rat!
There is an open door, spattered with blood here.
You see here 3 atropa-tipped darts.
j - 3 atropa-tipped darts
Things that are here:
a +0 club; 3 stones A frilled lizard comes into view.
A frilled lizard is nearby!
A frilled lizard is nearby!
The frilled lizard hisses angrily.
A kobold comes into view.
It is wielding a +2 whip of electrocution.
The kobold shouts!
The frilled lizard misses you.
You closely miss the frilled lizard. The frilled lizard barely misses you.
The frilled lizard closely misses you.
You closely miss the frilled lizard. The frilled lizard closely misses you.
You hit the frilled lizard.
You kill the frilled lizard!
The kobold barely misses you.
You hit the kobold but do no damage. The kobold misses you.
You miss the kobold. You punch the kobold.
The kobold is severely wounded.
The kobold hits you with a +2 whip of electrocution.
You closely miss the kobold.
The kobold is severely wounded.
The kobold hits you with a +2 whip of electrocution.
You are electrocuted!!
Ouch! That really hurt!
You die...

....# ##..##.........#
....# ##.##.........####
....# #..#............#
....# ##.#............#
....# #.#............#
.#### #.†.#+#####....# ##
###.#.# #....# #####
#############...#####....#
.....
......†.K@...........#####
#####
........#######).....#
........# #.........# #
......### #.........###..
...... #.........'...#
...... #####.....###>.
..... ####### # .....


You could see a kobold.

Vanquished Creatures
  A hobgoblin (D:1)
  A kobold (D:1)
  2 frilled lizards (D:1)
  A rat (D:1)
5 creatures vanquished.

Notes
Turn   | Place    | Note
-------+----------+-------------------------------------------
     0 | D:1      | wormed the Demonspawn Artificer began the quest for the
                  | Orb.
     0 | D:1      | Reached XP level 1. HP: 15/15 MP: 1/1
   189 | D:1      | Reached skill level 1 in Dodging
   275 | D:1      | Demolished by a kobold

Illustrated notes

Levels and vault maps discovered:
D:1:      amcnicky_arrival_flooded_fountain, layout_basic

Skill      XL: |  1 |
---------------+----+-----
Dodging        | 1 |  1.0
Fighting       | |  1.1
Staves         | |  0.1
Armour         | |  1.7
Stealth        | |  0.8
Spellcasting   | |  0.3
Evocations     | |  3.0

Action                   || total
-------------------------++-------
Melee: Staff             ||    20
       Club              ||    15
       Punch             ||     1
Evoke: Wand              ||     1
Armor: Leather armour    ||     9
Dodge: Dodged            ||    19

Table legend: (Time is in decaauts)
 A = Elapsed time spent in this place.
 B = Non-inter-level travel time spent in this place.
 C = Inter-level travel time spent in this place.
 D = Time resting spent in this place.
 E = Time spent auto-exploring this place.
 F = Levels seen in this place.
 G = Mean time per level.
                   A        B        C        D        E       F      G
               +--------+--------+--------+--------+--------+-----+--------+
         Total |    282 |    282 |      0 |      0 |    193 |   1 |  282.0 |
       Dungeon |    282 |    282 |      0 |      0 |    193 |   1 |  282.0 |
               +--------+--------+--------+--------+--------+-----+--------+

Top non-repeatable levels by time:
     D:1: 282 daAuts
